 Dungeon Crawl Stone Soup version 0.28.0-53-g5a82cb258f (webtiles) character file.

Game seed: 8975328188744077526

53033 cbfl8 the Severer (level 14, -6/146 HPs)
             Began as a Minotaur Berserker on Aug 3, 2022.
             Was an Elder of Trog.
             Mangled by a two-headed ogre
             ... wielding a +0 giant spiked club
              (8 damage)
             ... while paralysed by an ogre mage
             ... on level 15 of the Dungeon.
             The game lasted 00:25:22 (23102 turns).

cbfl8 the Severer (Minotaur Berserker)             Turns: 23102, Time: 00:25:23

Health: -6/146     AC: 16    Str: 23    XL:     14   Next: 29%
Magic:  13/13      EV:  2    Int:  4    God:    Trog [****..]
Gold:   963        SH:  0    Dex: 20    Spells: 13/13 levels left

rFire   . . .      SeeInvis .   G - +0 battleaxe (freeze)
rCold   . . .      Faith    .   (shield currently unavailable)
rNeg    . . .      Spirit   .   w - +0 plate armour
rPois   +          Reflect  .   (helmet restricted)
rElec   .          Harm     .   C - scarf {repulsion}
rCorr   .          Rampage  .   i - +0 pair of gloves
Will    +....                   (no boots)
Stlth   ..........              (no amulet)
HPRegen 0.34/turn               K - +6 ring of dexterity
MPRegen 0.13/turn               B - +4 ring of slaying

@: paralysed, on berserk cooldown, slowed, repel missiles
A: horns 2, retaliatory headbutt, poison resistance, robust 1
a: Renounce Religion, Berserk, Trog's Hand, Brothers in Arms


You were on level 15 of the Dungeon.
You worshipped Trog.
Trog was greatly pleased with you.
You visited 1 branch of the dungeon, and saw 15 of its levels.

You collected 963 gold pieces.

Inventory:

Hand Weapons
 t - the +5 mace of Lies {flame, Int+6 Dex+4}
   (You found it on level 3 of the Dungeon)

   It burns those it strikes, dealing additional fire damage.
   Int:       It affects your intelligence (+6).
   Dex:       It affects your dexterity (+4).
 G - a +0 battleaxe of freezing (weapon)
 N - the +9 sword of Zonguldrok {reap}
   (You found it on level 12 of the Dungeon)

   Any living foe damaged by it may be reanimated upon death as a zombie
   friendly to the wielder, with an increasing chance as more damage is dealt.
Missiles
 l - 4 throwing nets
Armour
 i - a +0 pair of gloves (worn)
 s - a +0 cloak
 w - a +0 plate armour (worn)
 y - a +0 tower shield
 C - a scarf of repulsion (worn)
Jewellery
 d - a +4 ring of protection
 B - a +4 ring of slaying (right hand)
 D - a +6 ring of strength
 K - a +6 ring of dexterity (left hand)
 P - a ring of magical power
Wands
 b - a wand of digging (7)
 m - a wand of flame (7) (quivered)
 n - a wand of acid (5)
 q - a wand of iceblast (14)
 v - a wand of polymorph (9)
 z - a wand of charming (13)
Scrolls
 e - a scroll of brand weapon
 f - 6 scrolls of teleportation
 g - 3 scrolls of enchant weapon
 h - 5 scrolls of enchant armour
 j - 2 scrolls of fog
 k - a scroll of silence
 o - 3 scrolls of noise
 p - 2 scrolls of fear
 E - 4 scrolls of magic mapping
 J - a scroll of blinking
 M - a scroll of immolation
Potions
 a - a potion of haste {unknown}
 c - a potion of invisibility
 r - 3 potions of heal wounds {unknown}
 x - 5 potions of might
 F - a potion of flight {unknown}
 H - 2 potions of magic {unknown}
 I - 2 potions of lignification {unknown}
 O - a potion of curing
Miscellaneous
 u - a lightning rod (4/4)
 A - a tin of tremorstones (2/2)


   Skills:
 * Level 14.7 Fighting
 + Level 2.6 Long Blades
 + Level 15.6 Axes
 + Level 11.9 Armour
 * Level 11.4 Dodging
 + Level 1.2 Stealth
 + Level 7.6 Shields
 * Level 9.0 Evocations


You had 13 spell levels left.
You didn't know any spells.
Your spell library was empty.

Dungeon Overview and Level Annotations

Branches:
Dungeon (15/15)            Temple (0/1) D:4            Lair (0/6) D:9
    Orc (0/2) D:9          Vaults (0/5) D:14         Depths (0/4) D:15

Altars:
Cheibriados
Gozag
Hepliaklqana
Kikubaaqudgha
Ru
Sif Muna
Uskayaw
Vehumet
Wu Jian
Xom
Zin

Shops:
D:2 [   D:8 *   D:11 *

Portals:
Trove: D:12 (give 14 scrolls of teleportation)


Innate Abilities, Weirdness & Mutations

You have a pair of horns on your head.
You reflexively headbutt those who attack you in melee.
Your system is resistant to poisons. (rPois)
You are robust. (+10% HP)


Message History

Found a book of Spatial Translocations.
Things that are here:
a +0 dire flail; a +0 giant club Unknown command.
You feel a strong urge to attack something.
The two-headed ogre shouts in stereo!
You hear a shout!
Unknown command.
You are no longer berserk.
You are exhausted.
You feel yourself slow down. The ogre closely misses you.
Unknown command.
You barely miss the ogre. You headbutt the ogre!
The ogre is moderately wounded.
The ogre hits you with a +0 giant club!!
Unknown command.
You slice the ogre!! You freeze the ogre.
You kill the ogre!
Trog accepts your kill.
Unknown command.
The ogre mage gestures at you while chanting.
You suddenly lose the ability to move!
The two-headed ogre hits you with a +0 giant spiked club!!
The two-headed ogre hits you with a +0 giant club! x2
The two-headed ogre hits you but does no damage.
The two-headed ogre hits you with a +0 giant spiked club.
The two-headed ogre hits you but does no damage.
The two-headed ogre hits you with a +0 giant spiked club!
* * * LOW HITPOINT WARNING * * *
The two-headed ogre hits you with a +0 giant club!!
* * * LOW HITPOINT WARNING * * *
The two-headed ogre hits you with a +0 giant club!
* * * LOW HITPOINT WARNING * * *
The two-headed ogre hits you with a +0 giant spiked club!
* * * LOW HITPOINT WARNING * * *
The ogre mage mumbles some strange words.
The ogre mage flickers and vanishes!
Deactivating autopickup; reactivate with Ctrl-A.
The two-headed ogre hits you but does no damage.
The two-headed ogre hits you with a +0 giant club!
You die...

#..............
###.##..........
##...##..........
#.^.#)).......
##.##))....#..
#....)....#.#
##...........#
#.............
#..##..@O)......
#.....O.........
#...............
#......{........
#.#............:
................
....#...........
.......O.......


You could see 3 two-headed ogres.

Vanquished Creatures
  A bone dragon (D:12)
  Kirke (D:15)
  Josephine (D:10)
  A hydra (D:12)
  An ogre mage (D:15)
  2 vault guards (D:14)
  Harold (D:11)
  2 centaur warriors (D:13)
  2 tengu warriors
  14 two-headed ogres
  5 skeletal warriors
  A wizard (D:14)
  A phantasmal warrior (D:15)
  2 necromancers (D:14)
  2 wolf spider zombies (D:12)
  10 ugly things (D:14)
  4 manticores
  3 cyclopes
  9 centaur zombies
  4 gargoyles
  An unseen horror (D:11)
  A komodo dragon (D:12)
  A redback zombie (D:12)
  A tengu conjurer (D:14)
  3 meliai (D:13)
  4 trolls
  A hornet (D:10)
  4 slime creatures (D:12)
  Sigmund (D:2)
  3 vampires (D:12)
  A meliai zombie (D:12)
  18 yaks
  8 wraiths
  2 shadows
  17 humans (D:14)
  A centaur simulacrum (D:14)
  3 hogs (D:15)
  2 steam dragons (D:9)
  5 vampire mosquitoes
  4 water moccasins
  A black bear (D:6)
  3 orc warriors
  A sky beast (D:6)
  4 ogres
  13 centaurs
  2 phantoms
  5 kobold brigands
  2 bullfrogs (D:8)
  A gnoll sergeant (D:5)
  4 scorpions
  A water moccasin zombie (D:5)
  A wyvern skeleton (D:7)
  9 killer bees (D:11)
  7 wights (D:7)
  A howler monkey (D:11)
  3 jellies
  3 hounds
  2 orc priests
  Crazy Yiuf (D:3)
  A gnoll shaman (D:5)
  3 bullfrog skeletons
  12 centaur skeletons
  Ijyb (D:3)
  12 orc wizards
  4 iguanas
  6 ogre zombies (D:9)
  2 hound skeletons (D:4)
  3 howler monkey zombies
  9 adders
  4 gnolls (D:5)
  A howler monkey skeleton (D:6)
  A shadow imp (D:5)
  3 white imps
  An ufetubus (D:5)
  3 worms
  3 dart slugs
  31 orcs
  2 endoplasms (D:1)
  4 giant cockroaches
  8 goblins
  4 hobgoblins
  A jackal (D:5)
  31 kobolds
  4 quokkas
  7 ball pythons
  3 bats
  5 frilled lizards
  A goblin zombie (D:9)
  A hobgoblin skeleton (D:9)
  7 hobgoblin zombies (D:9)
  2 orc skeletons (D:9)
  8 orc zombies (D:9)
  3 rats
403 creatures vanquished.

Vanquished Creatures (collateral kills)
  A centaur warrior (D:13)
1 creature vanquished.

Vanquished Creatures (others)
  A wizard (D:14)
  4 humans
  2 orc wizards
7 creatures vanquished.

Grand Total: 411 creatures vanquished

Notes
Turn   | Place    | Note
-------+----------+-------------------------------------------
     0 | D:1      | cbfl8 the Minotaur Berserker began the quest for the Orb.
     0 | D:1      | Reached XP level 1. HP: 19/19 MP: 0/0
   129 | D:1      | Found a faded altar of an unknown god.
   506 | D:1      | Reached XP level 2. HP: 27/27 MP: 1/1
   600 | D:1      | Reached skill level 4 in Axes
  1064 | D:2      | Found Ziolitum's Armour Shoppe.
  1158 | D:2      | Reached XP level 3. HP: 30/33 MP: 2/2
  1319 | D:2      | Noticed Sigmund
  1325 | D:2      | Killed Sigmund
  1326 | D:2      | Reached skill level 5 in Fighting
  1326 | D:2      | Reached skill level 5 in Axes
  1326 | D:2      | Reached skill level 1 in Evocations
  1326 | D:2      | Reached XP level 4. HP: 42/42 MP: 3/3
  1326 | D:2      | Reached XP level 5. HP: 48/48 MP: 4/4
  1497 | D:2      | Reached ** piety under Trog
  1736 | D:3      | Found a shimmering blue altar of Sif Muna.
  1765 | D:3      | Reached XP level 6. HP: 39/56 MP: 5/5
  2079 | D:3      | Found a hazy altar of Hepliaklqana.
  2295 | D:3      | Noticed Ijyb
  2307 | D:3      | Killed Ijyb
  3101 | D:3      | Found a runed translucent door.
  3102 | D:3      | Noticed Crazy Yiuf
  3498 | D:3      | Killed Crazy Yiuf
  3505 | D:3      | Identified the +5 mace of Lies {flame, Int+6 Dex+4}
  4434 | D:4      | Reached skill level 6 in Axes
  4434 | D:4      | Reached XP level 7. HP: 48/62 MP: 6/6
  4614 | D:4      | Found a staircase to the Ecumenical Temple.
  4619 | D:4      | Reached skill level 1 in Stealth
  4924 | D:5      | Entered Level 5 of the Dungeon
  4935 | D:5      | Reached skill level 5 in Armour
  5294 | D:5      | Reached *** piety under Trog
  5475 | D:5      | Reached skill level 1 in Shields
  5475 | D:5      | Reached XP level 8. HP: 66/71 MP: 7/7
  6479 | D:6      | Reached skill level 7 in Axes
  6623 | D:6      | Found a glowing silver altar of Zin.
  6675 | D:6      | Found a shimmering altar of Xom.
  6709 | D:6      | Reached skill level 5 in Dodging
  6724 | D:6      | Reached XP level 9. HP: 50/79 MP: 8/8
  7092 | D:6      | Reached skill level 8 in Axes
  7120 | D:6      | Gained mutation: You are robust. (+10% HP) [potion of
                  | mutation]
  7120 | D:6      | Gained mutation: Your system is resistant to poisons.
                  | (rPois) [potion of mutation]
  7481 | D:6      | Found an opulent altar of Gozag.
  7830 | D:7      | Reached **** piety under Trog
  8444 | D:8      | Identified the +1 chain mail of Ziog {rN+ Will+}
  8448 | D:8      | Noticed a two-headed ogre
  8454 | D:8      | Killed a two-headed ogre
  8455 | D:8      | Reached skill level 9 in Axes
  8646 | D:8      | Found Kimnokha's Profane Products.
  8774 | D:8      | Reached XP level 10. HP: 97/99 MP: 9/9
  9193 | D:9      | Reached skill level 5 in Evocations
  9478 | D:9      | Found a staircase to the Orcish Mines.
  9780 | D:9      | Noticed a two-headed ogre
  9787 | D:9      | Killed a two-headed ogre
  9788 | D:9      | Reached skill level 10 in Axes
  9927 | D:9      | Reached ***** piety under Trog
 10124 | D:9      | Found a staircase to the Lair.
 10361 | D:9      | Reached skill level 5 in Shields
 10686 | D:10     | Entered Level 10 of the Dungeon
 10699 | D:10     | Reached skill level 11 in Axes
 11053 | D:10     | Found an ancient bone altar of Kikubaaqudgha.
 11055 | D:10     | Found a radiant altar of Vehumet.
 11062 | D:10     | Reached XP level 11. HP: 99/108 MP: 10/10
 11153 | D:10     | Found a snail-covered altar of Cheibriados.
 11292 | D:10     | Noticed Josephine
 11300 | D:10     | Killed Josephine
 11301 | D:10     | Reached skill level 10 in Fighting
 11365 | D:10     | Found an ornate altar of the Wu Jian Council.
 11369 | D:10     | Found a sacrificial altar of Ru.
 11508 | D:10     | Noticed a two-headed ogre
 11516 | D:10     | Killed a two-headed ogre
 11847 | D:11     | Noticed Harold
 11860 | D:11     | Killed Harold
 12022 | D:11     | Reached skill level 12 in Axes
 12098 | D:11     | Noticed a skeletal warrior
 12243 | D:11     | Killed a skeletal warrior
 12535 | D:11     | Found Dazeaf's Assorted Antiques.
 12539 | D:11     | Noticed a two-headed ogre
 12548 | D:11     | Killed a two-headed ogre
 12721 | D:11     | Noticed a skeletal warrior
 12728 | D:11     | Noticed a skeletal warrior
 12728 | D:11     | Noticed a skeletal warrior
 12735 | D:11     | Killed a skeletal warrior
 12988 | D:11     | Killed a skeletal warrior
 13425 | D:11     | Reached XP level 12. HP: 104/121 MP: 11/11
 14346 | D:12     | Found a portal to a secret trove of treasure.
 14686 | D:12     | Noticed a two-headed ogre
 14691 | D:12     | Noticed a seven-headed hydra
 14693 | D:12     | Killed a two-headed ogre
 14700 | D:12     | Killed an 11-headed hydra
 14908 | D:12     | Noticed a two-headed ogre
 14916 | D:12     | Killed a two-headed ogre
 14928 | D:12     | Noticed a two-headed ogre
 14934 | D:12     | Killed a two-headed ogre
 15921 | D:12     | Reached skill level 13 in Axes
 15926 | D:12     | Reached skill level 10 in Armour
 16189 | D:12     | Received a gift from Trog
 16190 | D:12     | Reached skill level 10 in Dodging
 16307 | D:12     | Found the +9 sword of Zonguldrok {reap}
 16307 | D:12     | Noticed a bone dragon
 16319 | D:12     | Reached skill level 14 in Axes
 16326 | D:12     | Reached XP level 13. HP: 57/130 MP: 12/12
 16329 | D:12     | Killed a bone dragon
 17134 | D:13     | Reached skill level 1 in Long Blades
 19187 | D:14     | Identified the +1 leather armour of the Scribe {Str+2 Int-3
                  | Dex+5}
 20147 | D:14     | Reached skill level 15 in Axes
 20485 | D:14     | Found a gate to the Vaults.
 21081 | D:15     | Entered Level 15 of the Dungeon
 21081 | D:15     | Noticed Kirke
 21550 | D:15     | Found a staircase to the Depths.
 21550 | D:15     | Noticed a fire giant
 22159 | D:15     | Reached XP level 14. HP: 145/145 MP: 13/13
 22248 | D:15     | Killed Kirke
 22651 | D:15     | Found a hide-covered altar of Uskayaw.
 23099 | D:15     | Paralysed by an ogre mage for 7 turns
 23101 | D:15     | HP: 2/146 [two-headed ogre/+0 giant club (9)]
 23102 | D:15     | Mangled by a two-headed ogre

Illustrated notes

Levels and vault maps discovered:
D:1:      dpeg_arrival_oval, layout_loops_corners,
          ebering_ecumenical_altar_hall, lemuel_old_faithful
D:2:      layout_basic, serial_shops, shop_fountains, uniq_sigmund
D:3:      layout_loops_corners, nicolae_hepliaklqana_hippocampus,
          kennysheep_orc_sif_temple, nrook_campfire, minmay_misc_feat_room,
          uniq_crazy_yiuf_cottage, uniq_ijyb
D:4:      layout_basic, minmay_temple_entry_statues_pillars
D:5:      nicolae_cairo_tiling, layout_basic, minmay_fractal_squares_diagonal_5
D:6:      layout_loops_ring, pdpol_temple_overflow_zin_treasury_gozag_greed,
          kennysheep_mini_moat, hangedman_decor_points
D:7:      layout_rooms
D:8:      layout_cave_pods, nicolae_evil_shop
D:9:      layout_grid_maze, lair_entry_dummy, zombieorc1_lemuel
D:10:     layout_gridville, grunt_temple_overflow_open,
          hangedman_decor_clover_reticule, minmay_fountain_box, uniq_josephine
D:11:     layout_cave_pools, serial_shops, shop, eino_jars, uniq_harold
D:12:     layout_cave_pools, nicolae_trove_entry_columns,
          minmay_guarded_unrand_zonguldrok
D:13:     layout_loops_ring
D:14:     layout_irregular_city, grunt_vaults_entry_tiered,
          corexii_hall_statues_x
D:15:     grunt_enter_depths_giant_problem, layout_cave_pools,
          nicolae_uskayaw_murder_on_the_dancefloor, elyvilon_altar_5, uniq_kirke

Skill      XL: |  1  2  3  4  5  6  7  8  9 10 11 12 13 14 |
---------------+-------------------------------------------+-----
Fighting       | 4 5 6 7 8 9 11 12 14 | 14.7
Axes           | 4 5 6 7 9 11 12 14 15 | 15.6
Evocations     | 1 2 3 4 5 6 7 8 9 |  9.0
Dodging        | 3 4 5 6 7 8 10 11 | 11.4
Armour         | 3 4 5 6 7 8 9 10 11 | 11.9
Stealth        | 1 |  1.2
Shields        | 1 2 4 5 7 |  7.6
Long Blades    | 2 |  2.6

Action                   |  1- 3 |  4- 6 |  7- 9 | 10-12 | 13-15 || total
-------------------------+-------+-------+-------+-------+-------++-------
Melee: Hand axe          |    49 |   154 |   113 |       |       ||   316
       Headbutt          |    11 |    16 |    44 |   120 |    49 ||   240
       Punch             |     1 |       |       |       |       ||     1
       War axe           |       |       |   156 |   301 |       ||   457
       Battleaxe         |       |       |       |   114 |   171 ||   285
       Double sword      |       |       |       |       |    19 ||    19
       Unarmed           |       |       |       |       |     5 ||     5
Invok: Berserk           |     1 |     1 |     2 |    11 |     9 ||    24
Evoke: Wand              |       |       |       |       |    24 ||    24
  Use: Scroll            |     1 |     2 |     6 |     7 |     4 ||    20
       Potion            |       |       |     7 |       |     1 ||     8
Armor: Animal skin       |     5 |       |       |       |       ||     5
       Ring mail         |    10 |    39 |       |       |       ||    49
       Plate armour      |       |    20 |   189 |   437 |   127 ||   773
       Scale mail        |       |     8 |       |       |       ||     8
Dodge: Dodged            |    34 |    59 |    44 |   224 |   119 ||   480
       Repelled          |       |       |       |     2 |     5 ||     7
Block: Tower shield      |       |     5 |   164 |   314 |       ||   483
